 Dungeon Crawl Stone Soup version 0.25-a0-163-g00f8f0cddd (webtiles) character file.

Game seed: 16715710988187370979, levelgen mode: deterministic

536 Jindul the Sneak (level 7, -1/49 HPs)
             Began as an Octopode Chaos Knight on Nov 22, 2019.
             Was a Plaything of Xom.
             Engulfed by a cloud of noxious fumes (2 damage)
             ... on level 4 of the Dungeon.
             The game lasted 00:17:42 (3036 turns).

Jindul the Sneak (Octopode Chaos Knight)            Turns: 3036, Time: 00:17:43

Health: -1/49      AC:  3    Str: 13    XL:     7   Next: 25%
Magic:  7/7        EV: 15    Int: 14    God:    Xom [.*....]
Gold:   67         SH:  0    Dex: 14    Spells: 6/6 levels left

rFire    . . .     SeeInvis .   a - +0 short sword (chaos)
rCold    . . .     Gourm    .   n - +0 buckler
rNeg     . . .     Faith    .   (helmet restricted)
rPois    .         Spirit   .   (no amulet)
rElec    .         Reflect  .   (no ring)
rCorr    .         Harm     .   (no ring)
MR       .....                  (no ring)
Stlth    ++........             (no ring)
HPRegen  0.16/turn              (no ring)
MPRegen  0.10/turn              (no ring)
                                (no ring)
                                (no ring)

@: confused
A: almost no armour, stealthy swim, amphibious, 8 rings, constrict 8, icy blue
scales 1, camouflage 1, strong 1, gelatinous body 1, evolution 1
a: Renounce Religion


You were on level 4 of the Dungeon.
You worshipped Xom.
You were a plaything of Xom.
You were not hungry.

You visited 1 branch of the dungeon, and saw 4 of its levels.

You collected 67 gold pieces.

Inventory:

Hand Weapons
 a - a +0 short sword of chaos (weapon)
 q - a +1 trident of venom
Missiles
 k - 3 boomerangs (quivered)
Armour
 n - a +0 buckler (worn)
Scrolls
 c - a scroll of amnesia {unknown}
 d - 5 scrolls of identify {unknown}
 e - 2 scrolls of remove curse {unknown}
 g - a scroll of enchant armour {unknown}
 h - a scroll of teleportation {unknown}
 j - a scroll of fog {unknown}
 m - a scroll of immolation {unknown}
Potions
 f - 2 potions of flight {unknown}
 i - a potion of magic {unknown}
 l - a potion of haste {unknown}
 o - a potion of degeneration {unknown}
 p - a potion of lignification {unknown}
 s - a potion of agility {unknown}
Comestibles
 b - 6 rations
 r - 3 chunks of flesh


   Skills:
 + Level 4.5 Fighting
 + Level 4.5 Short Blades
 + Level 4.1 Dodging
 + Level 4.6 Stealth
 + Level 2.4 Shields


You had 6 spell levels left.
You didn't know any spells.
Your spell library was empty.

Dungeon Overview and Level Annotations

Branches:
Dungeon (4/15)
 Temple: D:4-7

Altars:
Elyvilon
Ru
Xom


Innate Abilities, Weirdness & Mutations

You cannot wear most types of armour.
You are very stealthy in the water. (Stealth+)
You are amphibious.
You can wear up to eight rings at the same time.
You can use your tentacles to constrict eight enemies at once.
Your skin changes colour to match your surroundings (Stealth+).
Your rubbery body absorbs attacks. (AC +1, EV +1)
You are partially covered in icy blue scales. (AC +2)
Your muscles are strong. (Str +2)
You evolve.


Message History

Okay, then.
You are too injured to fight recklessly!
You are engulfed in noxious fumes.
* * * LOW HITPOINT WARNING * * *
You constrict the gnoll.
You kill the gnoll!
Your four-headed hydra bites the gnoll. x2
Your four-headed hydra completely misses the gnoll.
Your four-headed hydra bites the gnoll.
The gnoll hits your four-headed hydra with a +0 halberd!
You are engulfed in noxious fumes.
You choke on the stench!
You are more confused.
* * * LOW HITPOINT WARNING * * *
Your four-headed hydra closely misses the gnoll.
Your four-headed hydra bites the gnoll!
The gnoll dies!
You are engulfed in noxious fumes.
You choke on the stench!
You are more confused.
You die... "Huh?
Did I miss anything?"

# #.##.## #.#####.#
#.##.##.# #.#####.#
#.......#
###.......#
####<####
..#.####### #.#
#.#.# #.#### #.#.#
#.##...########.#.#
... #.....).....#
#.. #.#.@#.#.###
#># #..#D)#.## #.#
#.###....# #.
##...# .. ##.g..#
l.. #..####
.###...## .# #...#
#. #g.g#


You could see a gnoll, a frilled lizard and a friendly four-headed hydra.

Vanquished Creatures
  A centaur (D:3)
  A phantom (D:3)
  A gnoll shaman (D:4)
  2 orc priests (D:3)
  An orc wizard (D:2)
  Natasha (thrice) (D:2)
  3 gnolls
  5 adders
  6 worms
  A dart slug (D:3)
  A leopard gecko (D:1)
  10 orcs (D:3)
  2 ball pythons (D:2)
  2 giant cockroaches
  4 goblins
  10 hobgoblins
  5 jackals
  4 kobolds
  3 quokkas
  7 bats
  2 frilled lizards
  8 rats
82 creatures vanquished.

Vanquished Creatures (collateral kills)
  A gnoll (D:4)
1 creature vanquished.

Vanquished Creatures (others)
  An orc (D:3)
1 creature vanquished.

Grand Total: 84 creatures vanquished

Notes
Turn   | Place    | Note
-------+----------+-------------------------------------------
     0 | D:1      | Jindul the Octopode Chaos Knight began the quest for the
                  | Orb.
     0 | D:1      | Reached XP level 1. HP: 16/16 MP: 1/1
    98 | D:1      | Reached skill level 1 in Stealth
    98 | D:1      | Reached XP level 2. HP: 21/21 MP: 2/2
   117 | D:1      | XOM: harmless Chrm miscast
   210 | D:1      | XOM: silly message
   348 | D:1      | You fall into a shaft and drop 1 floor!
   352 | D:2      | XOM: give mutations
   352 | D:2      | Gained mutation: You possess an exceptional clarity of
                  | mind. [Xom's grace]
   352 | D:2      | Gained mutation: You evolve. [Xom's grace]
   352 | D:2      | Gained mutation: Your muscles are strong. (Str +2) [Xom's
                  | grace]
   352 | D:2      | Gained mutation: You are partially covered in icy blue
                  | scales. (AC +2) [Xom's grace]
   392 | D:2      | Reached XP level 3. HP: 26/26 MP: 3/3
   490 | D:2      | Found a white marble altar of Elyvilon.
   527 | D:2      | Found a sacrificial altar of Ru.
   527 | D:2      | XOM: 7-stop teleportation journey
   809 | D:2      | Noticed Natasha
   823 | D:2      | Killed Natasha
   823 | D:2      | Reached XP level 4. HP: 20/31 MP: 4/4
   945 | D:2      | XOM: confuse monster(s)
   956 | D:2      | Reached XP level 5. HP: 28/37 MP: 5/5
  1021 | D:2      | XOM: god gift: ration
  1209 | D:2      | Found a shimmering altar of Xom.
  1247 | D:2      | Noticed Natasha
  1248 | D:2      | Killed Natasha
  1324 | D:2      | Found a white marble altar of Elyvilon.
  1397 | D:2      | XOM: harmless Chrm miscast
  1521 | D:2      | Noticed Natasha
  1529 | D:2      | Killed Natasha
  1529 | D:2      | Reached skill level 1 in Shields
  1552 | D:2      | Found a sacrificial altar of Ru.
  1709 | D:2      | Found a shimmering altar of Xom.
  1993 | D:2      | XOM: harmless Pois miscast
  2001 | D:2      | Lost mutation: You possess an exceptional clarity of mind.
                  | [evolution]
  2065 | D:3      | XOM: silly message
  2209 | D:3      | XOM: butterfly on damage
  2221 | D:3      | Reached XP level 6. HP: 23/43 MP: 6/6
  2241 | D:3      | HP: 1/43 [orc priest/+1 trident of venom (8)]
  2560 | D:3      | XOM: harmless Summ miscast
  2857 | D:3      | Noticed a phantom
  2866 | D:3      | XOM: cast spell 'Olgreb's Toxic Radiance'
  2870 | D:3      | XOM: harmless Necr miscast
  2878 | D:3      | Killed a phantom
  2878 | D:3      | Reached XP level 7. HP: 49/49 MP: 7/7
  3030 | D:4      | XOM: cast spell 'Summon Hydra'
  3032 | D:4      | XOM: mild Pois miscast
  3034 | D:4      | HP: 2/49 [something (2)]
  3036 | D:4      | Engulfed by a cloud of noxious fumes

Levels and vault maps discovered:
D:1:      shiori_arrival_oz, layout_basic
D:2:      layout_loops_cross, nicolae_ru_great_annihilating_truth,
          lemuel_coloured_pillars_altar, ebering_dispersal_statue_hall,
          chequers_arboretum, elyvilon_altar_1, uniq_natasha
D:3:      minmay_diamond_boxcup, layout_rooms, eino_tiny_chamber
D:4:      layout_loops_cross, ebering_ghost_inner_flame, first_ration

Skill      XL: |  1  2  3  4  5  6 |
---------------+-------------------+-----
Stealth        | 1 2 3 4 |  4.6
Dodging        | 3 4 |  4.1
Shields        | 1 2 |  2.4
Fighting       | 4 |  4.5
Short Blades   | 4 |  4.5

Action                   |  1- 3 |  4- 6 |  7- 9 || total
-------------------------+-------+-------+-------++-------
Melee: Short sword       |    50 |   107 |    14 ||   171
       Constrict         |    18 |    24 |     5 ||    47
       Tentacles         |     6 |    25 |     4 ||    35
  Use: Potion            |       |     2 |       ||     2
 Stab: Sleeping          |     9 |    17 |       ||    26
       Paralysed         |     1 |       |       ||     1
       Distracted        |       |     1 |       ||     1
       Petrifying        |       |       |     1 ||     1
  Eat: Chunk             |       |     6 |     1 ||     7
Armor: Skin              |     3 |     6 |       ||     9
Dodge: Dodged            |    18 |    49 |    10 ||    77
Block: Buckler           |       |    11 |     3 ||    14

Table legend:
 A = Non-vault XP
 B = Vault XP
 C = Vault XP percentage of total XP
 D = Non-vault monster count
 E = Vault monster count
 F = Vault count percentage of total count
                 A         B        C        D         E       F
            +---------+---------+-------+---------+---------+-------
      Total |     411 |     356 |  46.4 |      69 |      14 |  16.9
            +---------+---------+-------+---------+---------+-------
        D:1 |      31 |       2 |   6.1 |      19 |       1 |   5.0
        D:2 |     126 |      90 |  41.7 |      18 |       5 |  21.7
        D:3 |     168 |     264 |  61.1 |      26 |       8 |  23.5
        D:4 |      86 |       0 |   0.0 |       6 |       0 |   0.0
            +---------+---------+-------+---------+---------+-------
